 Dungeon Crawl Stone Soup version 0.26-a0-26-ge22fd8933b (webtiles) character file.

Game seed: 10966423821299615524, levelgen mode: deterministic

268734 Caphalor the Warrior (level 19, -2/179 HPs)
             Began as a Demonspawn Chaos Knight on May 26, 2020.
             Was a Plaything of Xom.
             Killed from afar by a Brimstone Fiend (36 damage)
             ... with damnation
             ... summoned by a deep elf demonologist
             ... on level 3 of the Elven Halls on May 27, 2020.
             The game lasted 03:09:24 (45487 turns).

Caphalor the Warrior (Demonspawn Chaos Knight)     Turns: 45487, Time: 03:09:24

Health: -2/179     AC: 40    Str: 16 (19) XL:     19   Next: 38%
Magic:  27/28      EV: 29    Int: 11 (14) God:    Xom [..*...]
Gold:   895        SH:  0    Dex: 19      Spells: 18/18 levels left

rFire    + + .     SeeInvis +   w - +9 great sword "Caphalor's Curse" {drain, *Drain rN+ Dex+2 SInv}
rCold    x . .     Gourm    .   (shield currently unavailable)
rNeg     + . .     Faith    +   f - +10 scale mail of Curiosity {-Cast rPois MR+ Stlth+}
rPois    +         Spirit   .   n - +2 hat "Maxygg" {-Cast MR+++ Dex+3 SInv}
rElec    .         Reflect  .   S - +2 cloak {Stlth+}
rCorr    .         Harm     .   t - +2 pair of gloves
MR       +++++     NoCast   +   (boots unavailable)
Stlth    +.........             D - amulet "Jolyo" {Faith +Blink rF+ rC-}
HPRegen  0.39/turn              B - +4 ring of protection
MPRegen  0.21/turn              r - ring of Phasing {EV+8}

@: stab
A: beak, horns 1, talons 3, iridescent scales 3, deterioration 1, fire
resistance 1, mutation resistance 2, poison resistance, powered by death 3,
robust 1, screaming 1, spiny 2, wild magic 2
}: 2/15 runes: decaying, serpentine
a: Renounce Religion, Evoke Blink


You were on level 3 of the Elven Halls.
You worshipped Xom.
You were a toy of Xom.
You were not hungry.

You visited 6 branches of the dungeon, and saw 34 of its levels.

You collected 4300 gold pieces.
You spent 3405 gold pieces at shops.

Inventory:

Hand Weapons
 i - the +9 falchion of Instinct {vorpal, +Rage MR+++ Str-4 Dex+8}
   (You found it on level 10 of the Dungeon)

   It inflicts extra damage upon your enemies.
   It affects your strength (-4).
   It affects your dexterity (+8).
   It affects your resistance to hostile enchantments.
   It lets you go berserk.
 w - the +9 great sword "Caphalor's Curse" (weapon) {drain, *Drain rN+ Dex+2 SInv}
   (You found it on level 6 of the Lair of Beasts)

   A truly terrible weapon, it drains the life of those it strikes.
   It affects your dexterity (+2).
   It protects you from negative energy.
   It lets you see invisible.
   It causes draining when unequipped.
Armour
 f - the +10 scale mail of Curiosity (worn) {-Cast rPois MR+ Stlth+}
   (You found it on level 1 of the Swamp)

   It protects you from poison.
   It affects your resistance to hostile enchantments.
   It prevents spellcasting.
   It makes you more stealthy.
 l - the +3 scale mail of the Robin {rN+ Int+3 Slay+2}
   (You bought it in a shop on level 2 of the Orcish Mines)

   It affects your intelligence (+3).
   It affects your accuracy and damage with ranged weapons and melee attacks
   (+2).
   It protects you from negative energy.
 n - the +2 hat "Maxygg" (worn) {-Cast MR+++ Dex+3 SInv}
   (You found it on level 2 of the Swamp)

   It affects your dexterity (+3).
   It affects your resistance to hostile enchantments.
   It lets you see invisible.
   It prevents spellcasting.
 t - a +2 pair of gloves (worn)
 K - the +2 hat of the Bear Spirit {Spirit, +Rage rN+ MR++}
   (You bought it in a shop on level 15 of the Dungeon)

   It protects you from negative energy.
   It affects your resistance to hostile enchantments.
   It lets you go berserk.
 Q - +4 storm dragon scales {Bai Suzhen}
 S - a +2 cloak of stealth (worn)
 U - a +2 kite shield of cold resistance
 W - the +1 chain mail of the Immovable Heavens {*Slow rPois Str+7 Int+4}
   (You found it on level 7 of the Dungeon)

   It affects your strength (+7).
   It affects your intelligence (+4).
   It protects you from poison.
   It may slow you when you take damage.
Jewellery
 r - the ring of Phasing (right hand) {EV+8}
   (You bought it in a shop on level 2 of the Elven Halls)

   [ring of evasion]

   It affects your evasion (+8).
 A - an uncursed ring of resist corrosion
 B - a +4 ring of protection (left hand)
 D - the amulet "Jolyo" (around neck) {Faith +Blink rF+ rC-}
   (You acquired it on level 15 of the Dungeon)

   [amulet of faith]

   It allows you to gain divine favour quickly.
   It protects you from fire.
   It makes you vulnerable to cold.
   It lets you blink.
 L - an uncursed ring of protection from magic
 P - a +6 ring of strength {unknown}
 T - an uncursed ring of ice
Wands
 e - a wand of digging (13)
 o - a wand of clouds (4)
Scrolls
 a - 7 scrolls of enchant armour
 k - 14 scrolls of remove curse
 p - 13 scrolls of teleportation
 u - a scroll of identify
 v - 6 scrolls of magic mapping
 y - a scroll of blinking
 E - 3 scrolls of silence
 H - a scroll of brand weapon
 X - 7 scrolls of enchant weapon
 Z - 3 scrolls of fog
Potions
 d - 10 potions of brilliance
 g - 4 potions of haste
 h - a potion of resistance
 j - 7 potions of lignification
 q - 5 potions of curing
 s - 3 potions of might
 z - 3 potions of stabbing
 C - 4 potions of magic
 G - 2 potions of cancellation
 I - a potion of invisibility
 J - 5 potions of flight
 N - 6 potions of mutation
Comestibles
 b - 6 chunks of flesh
 c - 49 rations


   Skills:
 - Level 17.8 Fighting
 - Level 14.0 Long Blades
 + Level 17.0 Armour
 + Level 15.4 Dodging
 - Level 12.8 Evocations


You had 18 spell levels left.
You didn't know any spells.
Your spell library contained the following spells:

 Spells                   Type           Power        Failure   Level  Hunger
 Foxfire                  Conj/Fire      #...         78%         1    ##.....
 Shock                    Conj/Air       #...         78%         1    ##.....
 Summon Butterflies       Summ           #.......     78%         1    ##.....
 Summon Small Mammal      Summ           #...         78%         1    ##.....
 Call Imp                 Summ           #.......     88%         2    ###....
 Call Canine Familiar     Summ           #.......     98%         3    ####...
 Conjure Flame            Conj/Fire      #.......     98%         3    ####...
 Mephitic Cloud           Conj/Pois/Air  #.......     98%         3    ####...
 Recall                   Summ/Tloc      N/A          98%         3    ####...
 Summon Guardian Golem    Hex/Summ       #.......     98%         3    ####...
 Cause Fear               Hex            #.........   100%        4    #####..
 Ice Form                 Ice/Tmut       #.......     100%        4    #####..
 Iskenderun's Mystic Bla  Conj/Tloc      #.......     100%        4    #####..
 Summon Ice Beast         Ice/Summ       #.......     100%        4    #####..
 Summon Lightning Spire   Summ/Air       #.......     100%        4    #####..
 Irradiate                Conj/Tmut      #.........   100%        5    ######.
 Silence                  Hex/Air        #.........   100%        5    ######.
 Yara's Violent Unravell  Hex/Tmut       #.........   100%        5    ######.
 Conjure Ball Lightning   Conj/Air       #.........   100%        6    #######
 Eringya's Noxious Bog    Tmut/Pois      #.........   100%        6    #######
 Hydra Form               Tmut           #.........   100%        6    #######
 Starburst                Conj/Fire      #.........   100%        6    #######
 Statue Form              Tmut/Erth      #........    100%        6    #######
 Dragon Form              Tmut           #.........   100%        7    #######
 Spellforged Servitor     Conj/Summ      #.........   100%        7    #######
 Discord                  Hex            #.........   100%        8    #######
 Tornado                  Air            #.........   100%        9    #######


Dungeon Overview and Level Annotations

Branches:
Dungeon (15/15)            Temple (0/1) D:7            Lair (6/6) D:9
  Swamp (4/4) Lair:4        Snake (4/4) Lair:3        Slime (0/5) Lair:6
    Orc (2/2) D:11            Elf (3/3) Orc:2        Vaults (0/5) D:13
 Depths (0/5) D:15

Altars:
Ashenzari
Dithmenos
Okawaru
Qazlal
Ru
Trog
Vehumet
Wu Jian
Xom
Yredelemnul
The Shining One
Beogh
Jiyva

Shops:
D:15 ?**!:   Orc:2 }*[(   Elf:1 }%:   Elf:2 *   Snake:2 [

Annotations:
D:5 3 runed translucent doors, harlaan's ghost, amateur DESu
D:10 1 runed translucent door
Elf:3 exclusion: orange crystal statue


Innate Abilities, Weirdness & Mutations

You have claws for feet.
You are completely covered in iridescent scales. (AC +6)
Your flesh is heat resistant. (rF+)
You regenerate a lot of health from kills.
You are mostly covered in sharp spines.
You have a beak for a mouth.
You have a pair of small horns on your head.
Your body sometimes deteriorates upon taking damage.
You are somewhat resistant to both further mutation and mutation removal.
Your system is resistant to poisons. (rPois)
You are robust. (+10% HP)
You occasionally shout uncontrollably at your foes.
Your spells are harder to cast, but more powerful.


Message History

The deep elf annihilator gestures at you while chanting.
The iron shot misses you.
You slash the deep elf annihilator!
Your kick misses the deep elf annihilator.
You headbutt the deep elf annihilator.
Your peck misses the deep elf annihilator.
The deep elf annihilator is severely wounded.
The deep elf annihilator closely misses you.
You closely miss the deep elf annihilator.
Your kick misses the deep elf annihilator.
Your peck misses the deep elf annihilator.
The deep elf annihilator is severely wounded.
The deep elf annihilator casts a spell.
The deep elf annihilator blinks!
The deep elf annihilator is engulfed in blazing flames.
You see here 3 datura-tipped darts.
The Brimstone Fiend gestures at you.
The sphere of damnation explodes!
The damnation engulfs you!!!
You die...
Xom howls with laughter!

#...#...........e##§.# 3
##...#..#####)..#####1# 45
#.xe3)).# #☼§°# #§#
2e§##.)e#..# #3§§# #.#
..xe)xe.#..# #e☼○# #.#
22.##)2.#..#####...#####.#
1. #....#...§☼○..?..○§☼1.#
1 #....#...°§☼.....☼§§..#
##...#...§○§.@.%.§○°.##
#...#..#####...######
##...#..# #§°☼# #....#
#○§§# ##....# #○☼§#
#.....# #(..# ##.....#
..... ##......# ..#...#
#.......# #...#


You could see a Brimstone Fiend (summoned), a deep elf annihilator (empowered)
and a sun demon (summoned).

Vanquished Creatures
  Bai Suzhen (Swamp:3)
  Jorgrun (D:14)
  A deep elf blademaster (Elf:3)
  Frances (Snake:1)
  2 deep elf master archers (Elf:3)
  Gastronok (Lair:3)
  3 thorn hunters (Swamp:4)
  Kirke (Lair:5)
  Roxanne (Swamp:4)
  9 nagarajas
  The ghost of mora the Blocker, an adept FoFi of Cheibriados (Swamp:2)
  5 deep elf sorcerers
  An emperor scorpion (Snake:2)
  A deep elf elementalist (Elf:3)
  Nessos (D:14)
  4 deep elf demonologists (Elf:3)
  5 dire elephants (Lair:6)
  A minotaur (Lair:4)
  3 deep elf death magi (Elf:3)
  An ettin (Orc:2)
  Josephine (Orc:1)
  Fannar (Lair:2)
  21 hydras
  10 naga warriors
  A fire dragon (Swamp:4)
  2 ice dragons (D:15)
  11 anacondas
  4 centaur warriors
  2 ghost crabs
  6 shambling mangroves
  12 alligators
  5 two-headed ogres
  5 death yaks
  A queen ant (Lair:3)
  An ogre mage (D:13)
  22 dancing weapons
  Urug (D:11)
  Sonja (Lair:3)
  11 shock serpents
  10 deep elf knights
  4 spriggans
  14 naga sharpshooters
  4 salamander mystics
  A fire crab (D:14)
  2 spriggan druids (Swamp:4)
  5 unseen horrors
  9 naga ritualists
  9 swamp dragons (Swamp:4)
  4 lindwurms
  6 deep elf archers
  A wolf spider zombie (D:15)
  2 manticores (D:11)
  5 orc knights
  46 deep elf magi
  11 mana vipers
  4 salamanders
  15 ugly things
  A salamander (shapeshifter) (D:14)
  3 cyclopes
  15 slime creatures
  7 elephants
  2 centaur zombies
  Maurice (D:12)
  32 black mambas
  18 naga magi
  3 centaur skeletons
  Joseph (D:8)
  19 spiny frogs
  9 guardian serpents
  A torpor snail (Lair:6)
  A rime drake (Lair:6)
  An efreet (D:14)
  A kobold demonologist (D:14)
  6 komodo dragons
  A polar bear (Lair:4)
  10 tyrant leeches
  A jumping spider (Snake:3)
  A queen bee (shapeshifter) (D:15)
  7 trolls
  3 meliai
  26 hornets
  13 bog bodies
  A slime creature (shapeshifter) (D:8)
  5 blink frogs
  2 blink frogs (shapeshifter)
  6 dream sheep
  12 hippogriffs
  3 air elementals
  2 shadows
  55 yaks
  4 wraiths
  A wyvern (D:10)
  A vampire (Swamp:1)
  2 basilisks
  5 hogs
  A fire elemental (Elf:1)
  Menkaure (D:4)
  4 wargs (Orc:1)
  54 nagas
  13 vampire mosquitoes
  Edmund (D:5)
  15 insubstantial wisps
  2 acid dragons
  21 swamp worms
  6 soldier ants
  14 water moccasins
  5 porcupines
  32 orc warriors
  13 swamp drakes
  4 ice beasts
  A sky beast (D:15)
  An eye of draining (Lair:1)
  A black bear (D:11)
  12 ogres
  19 centaurs
  7 wolves (Orc:1)
  10 crocodiles
  4 big kobolds (D:12)
  3 earth elementals
  13 bullfrogs
  A wyvern skeleton (D:10)
  2 scorpions
  18 killer bees
  7 wights
  An electric eel (Lair:4)
  3 howler monkeys (D:11)
  7 crimson imps
  A bullfrog zombie (D:7)
  6 jellies
  4 bullfrog skeletons
  7 hounds
  19 orc wizards
  16 orc priests
  6 iguanas
  2 hell rats (Lair:1)
  14 worker ants
  A hound zombie (D:10)
  2 hound skeletons
  4 gnolls (D:11)
  16 adders
  11 river rats
  4 shadow imps
  2 oozes (D:2)
  4 adder skeletons
  An adder zombie (D:5)
  A worm (D:2)
  3 dart slugs (D:1)
  9 leopard geckos
  97 orcs
  A giant cockroach (D:3)
  12 hobgoblins
  12 jackals
  19 kobolds
  6 quokkas
  8 bats
  6 frilled lizards
  10 goblins
  A jackal skeleton (D:5)
  A leopard gecko skeleton (D:7)
  2 quokka skeletons
  6 rats
  A crawling corpse (Elf:3)
  4 plants (Lair:6)
1211 creatures vanquished.

Vanquished Creatures (collateral kills)
  2 hydras (Lair:6)
  A naga warrior (Snake:2)
  A dancing weapon (Elf:2)
  2 naga sharpshooters
  A mana viper (Snake:1)
  3 deep elf magi
  A naga mage (Snake:2)
  A black mamba (Snake:1)
  A spiny frog (Lair:5)
  A troll (D:9)
  5 yaks
  A vampire mosquito (Swamp:3)
  2 nagas (Snake:1)
  A water moccasin (Lair:6)
  A porcupine (Lair:5)
  Duvessa (D:4)
  Dowan (D:4)
  A wight (D:10)
  2 adders (Lair:3)
  An adder skeleton (D:10)
  2 orcs (D:10)
32 creatures vanquished.

Vanquished Creatures (others)
  A deep elf elementalist (Elf:3)
  A deep elf annihilator (Elf:3)
  A hydra (Lair:5)
  A naga warrior (Snake:4)
  A dancing weapon (Elf:2)
  A hornet (Swamp:2)
  A tyrant leech (Swamp:2)
  2 nagas
  3 spriggans
  8 insubstantial wisps
  An ice beast (D:8)
  A swamp drake (Swamp:4)
  3 adders
  An orc (Orc:1)
  11 briar patches (Swamp:4)
  34 fungi
  12 plants
83 creatures vanquished.

Grand Total: 1326 creatures vanquished

Notes
Turn   | Place    | Note
-------+----------+-------------------------------------------
     0 | D:1      | Caphalor the Demonspawn Chaos Knight began the quest for
                  | the Orb.
     0 | D:1      | Reached XP level 1. HP: 18/18 MP: 1/1
   170 | D:1      | Gained mutation: You have sharp toenails. [demonic
                  | ancestry]
   170 | D:1      | Reached XP level 2. HP: 21/24 MP: 2/2
   229 | D:1      | XOM: divination: detect creatures
   412 | D:1      | Gained mutation: You are partially covered in iridescent
                  | scales. (AC +2) [demonic ancestry]
   412 | D:1      | Reached XP level 3. HP: 24/29 MP: 3/3
   623 | D:1      | XOM: divination: magic mapping
   910 | D:1      | XOM: silly message
   949 | D:2      | XOM: summons 1 hostile demon
   950 | D:2      | Noticed a sun demon
  1342 | D:2      | Found an ornate altar of the Wu Jian Council.
  1447 | D:2      | Reached XP level 4. HP: 34/35 MP: 4/4
  1535 | D:2      | XOM: silly message
  1881 | D:2      | XOM: noise
  1923 | D:2      | XOM: 4-stop teleportation journey
  1950 | D:2      | XOM: give mutations
  1950 | D:2      | Gained mutation: You are covered in fur. (AC +1) [Xom's
                  | grace]
  1950 | D:2      | Gained mutation: You possess an exceptional clarity of
                  | mind. [Xom's grace]
  1976 | D:2      | Reached skill level 5 in Long Blades
  2428 | D:3      | Reached XP level 5. HP: 32/41 MP: 5/5
  2605 | D:3      | XOM: 3-stop teleportation journey
  2608 | D:3      | You fall into a shaft and drop 2 floors!
  2608 | D:5      | Entered Level 5 of the Dungeon
  2608 | D:5      | XOM: noise
  2647 | D:4      | Lost mutation: You possess an exceptional clarity of mind.
                  | [potion of mutation]
  2647 | D:4      | Lost mutation: You are covered in fur. (AC +1) [potion of
                  | mutation]
  2647 | D:4      | Gained mutation: Your spells are a little easier to cast,
                  | but a little less powerful. [potion of mutation]
  2647 | D:4      | Gained mutation: You have razor-sharp toenails. [potion of
                  | mutation]
  2895 | D:4      | XOM: butterfly on damage
  2900 | D:4      | Reached XP level 6. HP: 15/47 MP: 6/6
  3055 | D:4      | Lost mutation: You have razor-sharp toenails. [potion of
                  | mutation]
  3055 | D:4      | Lost mutation: Your spells are a little easier to cast, but
                  | a little less powerful. [potion of mutation]
  3055 | D:4      | Gained mutation: You are clumsy. (Dex -2) [potion of
                  | mutation]
  3055 | D:4      | Gained mutation: You have very sharp teeth. [potion of
                  | mutation]
  3217 | D:4      | XOM: draining
  3262 | D:4      | Noticed Menkaure
  3269 | D:4      | Killed Menkaure
  3362 | D:4      | XOM: divination: detect creatures
  3596 | D:4      | Noticed Duvessa
  3596 | D:4      | Noticed Dowan
  3596 | D:4      | XOM: chaos upgrade
  3597 | D:4      | XOM: potion effect (berserk rage)
  3598 | D:4      | XOM: confusion (+ monsters)
  3668 | D:5      | Noticed an ice beast
  3676 | D:5      | Gained mutation: You regenerate a little health from kills.
                  | [demonic ancestry]
  3676 | D:5      | Reached XP level 7. HP: 31/52 MP: 7/7
  3910 | D:5      | XOM: confusion (+ monsters)
  3980 | D:5      | XOM: 3-stop teleportation journey
  3989 | D:5      | XOM: noise
  3990 | D:5      | Noticed harlaan's ghost (amateur DESu)
  3995 | D:5      | XOM: noise
  4011 | D:5      | Noticed Edmund
  4016 | D:5      | XOM: cast spell 'Statue Form'
  4023 | D:5      | Killed Edmund
  4226 | D:5      | XOM: god gift: club {god gift}
  4250 | D:5      | XOM: enchant monster (bad)
  4260 | D:5      | XOM: potion effect (might)
  4263 | D:5      | XOM: noise
  4266 | D:5      | Gained mutation: You are partially covered in sharp spines.
                  | [demonic ancestry]
  4266 | D:5      | Reached XP level 8. HP: 58/58 MP: 8/8
  4693 | D:5      | Found a runed translucent gate.
  4694 | D:5      | Found a runed translucent gate.
  4695 | D:5      | Found a runed translucent gate.
  5039 | D:4      | XOM: summons 5 hostile demons
  5126 | D:4      | XOM: silly message
  5127 | D:4      | XOM: confuse monster(s)
  5143 | D:4      | Killed Dowan
  5148 | D:4      | Killed Duvessa
  5234 | D:4      | XOM: god gift: 16 sling bullets
  5347 | D:3      | Found a faded altar of an unknown god.
  5384 | D:3      | Found a shimmering altar of Xom.
  5423 | D:3      | Found a bloodstained altar of Trog.
  5580 | D:3      | XOM: give mutation
  5580 | D:3      | Gained mutation: You are somewhat resistant to further
                  | mutation. [Xom's grace]
  5866 | D:3      | XOM: 4-stop teleportation journey
  5899 | D:3      | Lost mutation: You are somewhat resistant to further
                  | mutation. [potion of mutation]
  5899 | D:3      | Lost mutation: You are clumsy. (Dex -2) [potion of
                  | mutation]
  5899 | D:3      | Gained mutation: You have a pair of small antennae on your
                  | head. [potion of mutation]
  5899 | D:3      | Gained mutation: You passively map a small area around you.
                  | [potion of mutation]
  6475 | D:6      | Reached skill level 10 in Long Blades
  6594 | D:6      | Lost mutation: You have a pair of small antennae on your
                  | head. [potion of mutation]
  6594 | D:6      | Lost mutation: You passively map a small area around you.
                  | [potion of mutation]
  6594 | D:6      | Gained mutation: You are covered in fur. (AC +1) [potion of
                  | mutation]
  6802 | D:6      | XOM: confuse monster(s)
  6885 | D:6      | Found a basalt altar of Yredelemnul.
  6979 | D:6      | XOM: summons friendly crimson imp
  7065 | D:6      | XOM: summons 1 hostile demon
  7467 | D:7      | Found a stormy altar of Qazlal.
  7509 | D:7      | XOM: scenery: 1 doors close
  7704 | D:7      | XOM: silly message
  7781 | D:7      | Gained mutation: You have razor-sharp toenails. [demonic
                  | ancestry]
  7781 | D:7      | Reached XP level 9. HP: 38/63 MP: 9/9
  7830 | D:7      | XOM: cloud trail
  7914 | D:7      | XOM: divination: detect creatures
  8593 | D:7      | Found a staircase to the Ecumenical Temple.
  8851 | D:8      | Noticed Joseph
  8865 | D:8      | Killed Joseph
  8936 | D:8      | Noticed Psyche
  8946 | D:8      | Noticed Psyche
  8946 | D:8      | Psyche changed into Psyche the glowing shapeshifter
  8946 | D:8      | Noticed Psyche
  8946 | D:8      | Psyche the glowing shapeshifter changed into Psyche the
                  | wolf spider
  9190 | D:8      | Found a glowing golden altar of the Shining One.
  9192 | D:8      | Found a shattered altar of Ashenzari.
  9194 | D:8      | Found an iron altar of Okawaru.
  9311 | D:8      | XOM: give mutation
  9311 | D:8      | Gained mutation: You tend to lose your temper in combat.
                  | [Xom's mischief]
  9455 | D:9      | Found a staircase to the Lair.
  9474 | D:9      | XOM: 7-stop teleportation journey
  9476 | D:9      | Noticed a troll
  9484 | D:9      | XOM: summons 9 friendly demons
  9498 | D:9      | Killed a troll
  9520 | D:9      | XOM: polymorph shadow imp -> ufetubus
  9565 | D:9      | XOM: smoke on damage
  9628 | D:9      | XOM: cloud trail
  9777 | D:9      | Gained mutation: You are mostly covered in sharp spines.
                  | [demonic ancestry]
  9777 | D:9      | Reached XP level 10. HP: 60/70 MP: 10/10
  9944 | D:9      | XOM: 1-stop teleportation journey
 10473 | D:9      | XOM: give mutations
 10473 | D:9      | Gained mutation: Your body sometimes deteriorates upon
                  | taking damage. [Xom's mischief]
 10473 | D:9      | Gained mutation: Armour fits poorly on your strangely
                  | shaped body. [Xom's mischief]
 10473 | D:9      | Lost mutation: Your body sometimes deteriorates upon taking
                  | damage. [Xom's mischief]
 10598 | D:10     | Entered Level 10 of the Dungeon
 10608 | D:10     | Got a faintly glowing falchion
 10609 | D:10     | Identified the +9 falchion of Instinct {vorpal, +Rage MR+++
                  | Str-4 Dex+8} (You found it on level 10 of the Dungeon)
 10611 | D:10     | XOM: noise
 10664 | D:10     | XOM: destruction
 10669 | D:10     | XOM: summons friendly shadow imp
 10821 | D:10     | XOM: summons friendly iron imp
 10831 | D:10     | XOM: summons friendly ufetubus
 10860 | D:10     | Reached skill level 1 in Dodging
 11168 | D:10     | Found a runed translucent door.
 11268 | D:10     | Noticed a sixfirhy
 11307 | D:10     | XOM: noise
 11343 | D:11     | XOM: confuse monster(s)
 11350 | D:11     | Noticed a cyclops
 11380 | D:9      | XOM: give mutations
 11380 | D:9      | Gained mutation: Your spells are a little harder to cast,
                  | but a little more powerful. [Xom's grace]
 11380 | D:9      | Gained mutation: Your flesh is cold resistant. (rC+) [Xom's
                  | grace]
 11392 | Lair:1   | Entered Level 1 of the Lair of Beasts
 11422 | Lair:1   | Noticed a spiny frog
 11433 | Lair:1   | Killed a spiny frog
 11966 | Lair:1   | Noticed a spiny frog
 11980 | Lair:1   | XOM: scenery: create altars
 11981 | Lair:1   | XOM: enchant monster (good)
 11985 | Lair:1   | XOM: fake destruction
 11989 | Lair:1   | Killed a spiny frog
 12337 | Lair:1   | XOM: give mutation
 12337 | Lair:1   | Gained mutation: Scrolls take you a little longer to read.
                  | [Xom's mischief]
 12369 | Lair:1   | XOM: 1-stop teleportation journey
 12385 | Lair:1   | Noticed a spiny frog
 12397 | Lair:1   | XOM: scenery: create altars
 12399 | Lair:1   | a spiny frog changed into an eye of draining
 12399 | Lair:1   | XOM: polymorph spiny frog -> eye of draining
 12422 | Lair:1   | XOM: 5-stop teleportation journey
 12568 | Lair:1   | Gained mutation: You are mostly covered in iridescent
                  | scales. (AC +4) [demonic ancestry]
 12568 | Lair:1   | Reached XP level 11. HP: 78/78 MP: 11/11
 13025 | Lair:2   | Found a sacrificial altar of Ru.
 13038 | Lair:2   | Reached skill level 5 in Fighting
 13175 | Lair:2   | XOM: smoke on damage
 13239 | Lair:2   | XOM: god gift: lajatang {god gift}
 13419 | Lair:2   | XOM: 2-stop teleportation journey
 13474 | Lair:2   | Noticed Harold
 13476 | Lair:2   | Noticed Harold
 13476 | Lair:2   | Harold changed into Harold the hippogriff
 13476 | Lair:2   | XOM: polymorph Harold -> Harold the hippogriff
 13482 | Lair:2   | Killed Harold the hippogriff
 13894 | Lair:2   | Noticed Fannar
 13902 | Lair:2   | XOM: divine lightning
 13903 | Lair:2   | Killed Fannar
 14032 | Lair:3   | Noticed Sonja
 14044 | Lair:3   | HP: 3/81 [Sonja/+2 dagger of distortion (15)]
 14050 | Lair:3   | Killed Sonja
 14071 | Lair:3   | XOM: stat loss: -1 Str (10/11)
 14260 | Lair:3   | Found a staircase to the Snake Pit.
 14260 | Lair:3   | XOM: 1-stop teleportation journey
 14263 | Lair:3   | XOM: destruction
 14268 | Lair:3   | Reached skill level 5 in Armour
 14270 | Lair:3   | XOM: summons friendly shadow imp
 14345 | Lair:3   | XOM: cloud trail
 14357 | Lair:3   | You fall into a shaft and drop 3 floors!
 14357 | Lair:6   | Entered Level 6 of the Lair of Beasts
 14361 | Lair:6   | XOM: cleaving
 14366 | Lair:6   | Reached skill level 5 in Dodging
 14439 | Lair:6   | XOM: fog
 14584 | Lair:6   | Found a viscous altar of Jiyva.
 14585 | Lair:6   | Found a staircase to the Slime Pits.
 14736 | Lair:6   | Noticed a six-headed hydra
 14736 | Lair:6   | Noticed a seven-headed hydra
 14749 | Lair:6   | XOM: summons 7 friendly demons
 14757 | Lair:6   | Killed a six-headed hydra
 14777 | Lair:6   | HP: 4/84 [nine-headed hydra (13)]
 14778 | Lair:6   | Killed a nine-headed hydra
 15259 | Lair:5   | XOM: summons 4 friendly demons
 15261 | Lair:5   | Noticed a four-headed hydra
 15272 | Lair:5   | Killed a five-headed hydra
 15272 | Lair:5   | XOM: divine lightning
 15284 | Lair:5   | XOM: summons 7 friendly demons
 15319 | Lair:5   | XOM: scenery: create altars
 15324 | Lair:5   | XOM: fake destruction
 15329 | Lair:5   | XOM: fog
 15338 | Lair:5   | XOM: confuse monster(s)
 15342 | Lair:5   | Reached XP level 12. HP: 75/92 MP: 12/12
 15573 | Lair:5   | XOM: enchant monster (good)
 15672 | Lair:5   | XOM: cleaving
 15678 | Lair:5   | XOM: polymorph torpor snail -> shock serpent
 16066 | Lair:5   | XOM: polymorph yak -> black mamba
 16094 | Lair:5   | XOM: summons friendly quasit
 16186 | Lair:5   | Noticed a death yak
 16187 | Lair:5   | Noticed a death yak
 16188 | Lair:5   | XOM: destruction
 16195 | Lair:5   | XOM: destruction
 16201 | Lair:5   | XOM: summons 2 friendly demons
 16209 | Lair:5   | Noticed Kirke
 16390 | Lair:3   | Noticed a six-headed hydra
 16395 | Lair:3   | XOM: potion effect (invisibility)
 16424 | Lair:3   | XOM: divination: detect items
 16612 | Lair:3   | XOM: give mutations
 16612 | Lair:3   | Lost mutation: Your spells are a little harder to cast, but
                  | a little more powerful. [Xom's mischief]
 16612 | Lair:3   | Gained mutation: Your mind is acute. (Int +2) [Xom's
                  | mischief]
 16612 | Lair:3   | Lost mutation: Armour fits poorly on your strangely shaped
                  | body. [Xom's mischief]
 16612 | Lair:3   | Lost mutation: You tend to lose your temper in combat.
                  | [Xom's mischief]
 16631 | Lair:3   | XOM: god gift: 13 stones
 16696 | Lair:3   | XOM: cast spell 'Monstrous Menagerie'
 16910 | Lair:3   | Noticed Gastronok
 17189 | Lair:3   | XOM: torment (29/95 hp)
 17342 | Lair:3   | XOM: give mutations
 17342 | Lair:3   | Lost mutation: You are covered in fur. (AC +1) [Xom's
                  | mischief]
 17342 | Lair:3   | Gained mutation: Your body sometimes deteriorates upon
                  | taking damage. [Xom's mischief]
 17342 | Lair:3   | Lost mutation: Your body sometimes deteriorates upon taking
                  | damage. [Xom's mischief]
 17487 | Lair:3   | Noticed a queen ant
 17493 | Lair:3   | XOM: confuse monster(s)
 17499 | Lair:3   | Killed a queen ant
 17689 | Lair:3   | XOM: give mutations
 17689 | Lair:3   | Gained mutation: You are frail. (-10% HP) [Xom's mischief]
 17689 | Lair:3   | Gained mutation: You are weak. (Str -2) [Xom's mischief]
 17689 | Lair:3   | Gained mutation: Your body sometimes deteriorates upon
                  | taking damage. [Xom's mischief]
 17786 | Lair:3   | XOM: fog
 17787 | Lair:3   | XOM: destruction
 17788 | Lair:3   | XOM: divine lightning
 17797 | Lair:3   | Killed Gastronok
 18125 | Lair:4   | Noticed an eight-headed hydra
 18182 | Lair:4   | Noticed a four-headed hydra
 18197 | Lair:4   | Killed a nine-headed hydra
 18274 | Lair:4   | XOM: confusion
 18284 | Lair:4   | XOM: noise
 18295 | Lair:4   | Noticed a minotaur
 18295 | Lair:4   | an eight-headed hydra changed into a minotaur
 18295 | Lair:4   | XOM: polymorph eight-headed hydra -> minotaur
 18302 | Lair:4   | XOM: chaos cloud
 18307 | Lair:4   | Killed a minotaur
 18309 | Lair:4   | Paralysed by you for 4 turns
 18458 | Lair:4   | XOM: 5-stop teleportation journey
 18466 | Lair:4   | XOM: cleaving
 18478 | Lair:4   | Gained mutation: You have claws for feet. [demonic
                  | ancestry]
 18478 | Lair:4   | Reached XP level 13. HP: 65/92 MP: 13/13
 18620 | Lair:4   | XOM: summons friendly crimson imp
 18943 | Lair:4   | Reached skill level 10 in Fighting
 18965 | Lair:4   | XOM: cleaving
 18981 | Lair:4   | XOM: summons 2 friendly demons
 19029 | Lair:4   | XOM: 2-stop teleportation journey
 19380 | Lair:4   | XOM: give mutations
 19380 | Lair:4   | Gained mutation: You are agile. (Dex +2) [Xom's grace]
 19380 | Lair:4   | Gained mutation: You are resistant to hostile enchantments.
                  | (MR+) [Xom's grace]
 19380 | Lair:4   | Gained mutation: You expend magic power (3 MP) to
                  | strengthen your wands. [Xom's grace]
 19410 | Lair:4   | Found a staircase to the Swamp.
 19711 | Lair:5   | XOM: 1-stop teleportation journey
 19719 | Lair:5   | XOM: scenery: create altars
 19784 | Lair:5   | XOM: cloud trail
 19865 | Lair:5   | XOM: give mutations
 19865 | Lair:5   | Gained mutation: You have a pair of small horns on your
                  | head. [Xom's grace]
 19865 | Lair:5   | Gained mutation: Your spells are a little harder to cast,
                  | but a little more powerful. [Xom's grace]
 19865 | Lair:5   | Gained mutation: Your spells are harder to cast, but more
                  | powerful. [Xom's grace]
 19943 | Lair:5   | XOM: god gift: 22 gold pieces
 19951 | Lair:5   | XOM: 2-stop teleportation journey
 20007 | Lair:5   | XOM: give mutations
 20007 | Lair:5   | Gained mutation: You evolve. [Xom's grace]
 20007 | Lair:5   | Lost mutation: You have very sharp teeth. [Xom's grace]
 20007 | Lair:5   | Gained mutation: You have a beak for a mouth. [Xom's grace]
 20007 | Lair:5   | Lost mutation: You are frail. (-10% HP) [Xom's grace]
 20007 | Lair:5   | Gained mutation: You are robust. (+10% HP) [Xom's grace]
 20120 | Lair:5   | Reached skill level 1 in Evocations
 20137 | Lair:5   | Killed Kirke
 20701 | Lair:6   | XOM: destruction
 21064 | Lair:6   | XOM: cloud trail
 21333 | Lair:6   | XOM: cloud trail
 21377 | Lair:6   | XOM: scenery: 1 doors open, 1 doors close
 21581 | Lair:6   | XOM: scenery: create altars
 21683 | Lair:6   | XOM: cleaving
 21687 | Lair:6   | XOM: confuse monster(s)
 21699 | Lair:6   | XOM: cast spell 'Summon Ice Beast'
 21945 | Lair:6   | XOM: summons friendly crimson imp
 21952 | Lair:6   | Reached skill level 10 in Armour
 22005 | Lair:6   | Noticed a dire elephant
 22005 | Lair:6   | Noticed a dire elephant
 22006 | Lair:6   | Found the +10 morningstar "Eos" {elec, Halo rElec}
 22019 | Lair:6   | Killed a dire elephant
 22024 | Lair:6   | Killed a dire elephant
 22037 | Lair:6   | Noticed a dire elephant
 22149 | Lair:6   | XOM is BORED!
 22207 | Lair:6   | Killed a dire elephant
 22207 | Lair:6   | Reached skill level 5 in Evocations
 22220 | Lair:6   | XOM: torment (53/116 hp)
 22469 | Lair:6   | Got a buzzing great sword
 22475 | Lair:6   | Identified the +9 great sword "Caphalor's Curse" {drain,
                  | *Drain rN+ Dex+2 SInv} (You found it on level 6 of the Lair
                  | of Beasts)
 22500 | Lair:6   | Noticed a dire elephant
 22503 | Lair:6   | XOM: cleaving
 22508 | Lair:6   | XOM: divine lightning
 22514 | Lair:6   | Killed a dire elephant
 22611 | Lair:6   | XOM: scenery: 1 fountains blood, 3 doors close
 22674 | Lair:6   | Noticed a dire elephant
 22684 | Lair:6   | Killed a dire elephant
 22984 | D:11     | XOM: silly message
 22986 | D:11     | XOM: cast spell 'Alistair's Intoxication'
 23000 | D:11     | Noticed Urug
 23020 | D:11     | Killed Urug
 23184 | D:11     | Gained mutation: You regenerate health from kills. [demonic
                  | ancestry]
 23184 | D:11     | Reached XP level 14. HP: 124/124 MP: 18/18
 23232 | D:11     | XOM: 5-stop teleportation journey
 23249 | D:11     | XOM: torment (54/124 hp)
 23370 | D:11     | XOM: 1-stop teleportation journey
 23629 | D:11     | Found a staircase to the Orcish Mines.
 23703 | D:11     | XOM: noise
 23922 | D:11     | XOM: cloud trail
 24170 | D:12     | XOM: noise
 24417 | D:12     | Found a shadowy altar of Dithmenos.
 24571 | D:12     | Noticed Maurice
 24582 | D:12     | XOM: noise
 24587 | D:12     | Killed Maurice
 24676 | D:12     | XOM: divination: magic mapping
 24682 | D:12     | XOM: 1-stop teleportation journey
 24699 | D:12     | XOM: divination: magic mapping
 24840 | D:12     | XOM: silly message
 24868 | D:12     | XOM: 1-stop teleportation journey
 25110 | D:12     | XOM: noise
 25304 | D:13     | XOM: scenery: create altars
 25407 | D:13     | Found a gate to the Vaults.
 25446 | D:13     | XOM: 1-stop teleportation journey
 25487 | D:13     | XOM: 1-stop teleportation journey
 25904 | D:13     | XOM: cloud trail
 26262 | D:13     | Gained mutation: Your flesh is heat resistant. (rF+)
                  | [evolution]
 26420 | D:14     | Noticed Nessos
 26541 | D:14     | Paralysed by a hornet for 1 turns
 26663 | D:14     | Lost mutation: Scrolls take you a little longer to read.
                  | [potion of mutation]
 26663 | D:14     | Lost mutation: You are resistant to hostile enchantments.
                  | (MR+) [potion of mutation]
 26663 | D:14     | Lost mutation: Your mind is acute. (Int +2) [potion of
                  | mutation]
 26663 | D:14     | Lost mutation: You expend magic power (3 MP) to strengthen
                  | your wands. [potion of mutation]
 26663 | D:14     | Lost mutation: You have a pair of small horns on your head.
                  | [potion of mutation]
 26663 | D:14     | Gained mutation: You have sharp fingernails. [potion of
                  | mutation]
 26679 | D:14     | Killed Nessos
 26703 | D:14     | Noticed Jorgrun
 26707 | D:14     | XOM: cast spell 'Summon Hydra'
 26715 | D:14     | Killed Jorgrun
 27085 | D:14     | Gained mutation: You regenerate a lot of health from kills.
                  | [demonic ancestry]
 27085 | D:14     | Reached XP level 15. HP: 111/135 MP: 21/21
 27412 | D:14     | XOM: divination: detect creatures
 27672 | D:15     | Entered Level 15 of the Dungeon
 27672 | D:15     | Found Aleuj's Magic Scroll Boutique.
 27697 | D:15     | Bought a scroll of identify for 32 gold pieces
 27697 | D:15     | Bought a scroll of enchant armour for 120 gold pieces
 27700 | D:15     | Identified 2 scrolls of acquirement
 27745 | D:15     | Got the amulet "Jolyo" {Faith +Blink rF+ rC-}
 27909 | D:14     | XOM: silly message
 28149 | D:14     | XOM: give mutations
 28149 | D:14     | Gained mutation: You possess an exceptional clarity of
                  | mind. [Xom's grace]
 28149 | D:14     | Gained mutation: You rapidly evolve. [Xom's grace]
 28149 | D:14     | Gained mutation: You are very robust. (+20% HP) [Xom's
                  | grace]
 28258 | Orc:1    | Entered Level 1 of the Orcish Mines
 28291 | Orc:1    | XOM: give mutations
 28291 | Orc:1    | Lost mutation: Your body sometimes deteriorates upon taking
                  | damage. [Xom's mischief]
 28291 | Orc:1    | Lost mutation: Your spells are harder to cast, but more
                  | powerful. [Xom's mischief]
 28291 | Orc:1    | Lost mutation: You are weak. (Str -2) [Xom's mischief]
 28373 | Orc:1    | Found a roughly hewn altar of Beogh.
 28373 | Orc:1    | XOM: 1-stop teleportation journey
 28381 | Orc:1    | Noticed Josephine
 28386 | Orc:1    | XOM: enchant monster (bad)
 28393 | Orc:1    | XOM: enchant monster (good)
 28396 | Orc:1    | Killed Josephine
 28556 | Orc:1    | XOM: give mutations
 28556 | Orc:1    | Gained mutation: You occasionally shout uncontrollably at
                  | your foes. [Xom's mischief]
 28753 | Orc:2    | Entered Level 2 of the Orcish Mines
 29087 | Orc:2    | Found a gate leading to a gauntlet.
 29118 | Orc:2    | XOM: silly message
 29213 | Orc:2    | Found a staircase to the Elven Halls.
 29263 | Orc:2    | Reached skill level 15 in Fighting
 29353 | Orc:2    | Gained mutation: You are extremely robust. (+30% HP)
                  | [evolution]
 29402 | Orc:2    | XOM: 3-stop teleportation journey
 29409 | Orc:2    | XOM: give mutations
 29409 | Orc:2    | Lost mutation: You possess an exceptional clarity of mind.
                  | [Xom's mischief]
 29409 | Orc:2    | Lost mutation: You have sharp fingernails. [Xom's mischief]
 29414 | Orc:2    | XOM: confusion (+ monsters)
 29522 | Orc:2    | XOM: summons 8 hostile demons
 29611 | Orc:2    | Found Adid's Assorted Antiques.
 29611 | Orc:2    | Found Owkyzyky's Antique Armour Shop.
 29613 | Orc:2    | Found Nunlysoafu's Weapon Boutique.
 29615 | Orc:2    | Found Paitacs's Gadget Shoppe.
 29620 | Orc:2    | Bought a twisted scale mail for 261 gold pieces
 29637 | Orc:2    | Identified the +3 scale mail of the Robin {rN+ Int+3
                  | Slay+2} (You bought it in a shop on level 2 of the Orcish
                  | Mines)
 29916 | D:14     | XOM: give mutations
 29916 | D:14     | Gained mutation: You are weak. (Str -2) [Xom's mischief]
 29916 | D:14     | Lost mutation: You occasionally shout uncontrollably at
                  | your foes. [Xom's mischief]
 30088 | D:15     | XOM: cloud trail
 30219 | D:15     | XOM: confuse monster(s)
 30264 | D:15     | Found a staircase to the Depths.
 30304 | D:15     | XOM: cast spell 'Call Canine Familiar'
 30311 | D:15     | Found Kuphehin's Assorted Antiques.
 30328 | D:15     | Bought the +2 hat of the Bear Spirit {Spirit, +Rage rN+
                  | MR++} for 1016 gold pieces
 30328 | D:15     | Found the +2 hat of the Bear Spirit {Spirit, +Rage rN+
                  | MR++}
 30485 | D:15     | Found Uzachys's Distillery.
 30494 | D:15     | Bought a potion of mutation for 104 gold pieces
 30494 | D:15     | Bought a potion of mutation for 104 gold pieces
 30494 | D:15     | Bought a potion of mutation for 104 gold pieces
 30553 | D:15     | Found Lityun's Assorted Antiques.
 30560 | D:15     | Found Tirosh Veah's Book Shoppe.
 30739 | D:12     | XOM: divination: detect items
 31301 | D:9      | XOM: god gift: 24 gold pieces
 31389 | Snake:1  | Entered Level 1 of the Snake Pit
 31426 | Snake:1  | XOM: summons 5 friendly demons
 31605 | Snake:1  | XOM: blink monster(s)
 31607 | Snake:1  | XOM: silly message
 31610 | Snake:1  | XOM: silly message
 31627 | Snake:1  | XOM: cast spell 'Summon Hydra'
 31631 | Snake:1  | XOM: scenery: create altars
 31646 | Snake:1  | XOM: polymorph naga -> meliai
 31659 | Snake:1  | XOM: enchant monster (good)
 31875 | Snake:1  | XOM: give mutations
 31875 | Snake:1  | Gained mutation: Your flesh is very cold resistant. (rC++)
                  | [Xom's grace]
 31875 | Snake:1  | Gained mutation: Your mind is acute. (Int +2) [Xom's grace]
 31875 | Snake:1  | Lost mutation: You rapidly evolve. [Xom's grace]
 31875 | Snake:1  | Lost mutation: You evolve. [Xom's grace]
 31875 | Snake:1  | Gained mutation: You are somewhat resistant to further
                  | mutation. [Xom's grace]
 31910 | Snake:1  | Noticed Frances
 31910 | Snake:1  | XOM: cleaving
 31922 | Snake:1  | XOM: potion effect (invisibility)
 31927 | Snake:1  | Killed Frances
 31983 | Snake:1  | XOM: cast spell 'Olgreb's Toxic Radiance'
 32013 | Snake:1  | XOM: fog
 32242 | Snake:1  | XOM is BORED!
 32293 | Snake:1  | XOM: give mutations
 32293 | Snake:1  | Gained mutation: Your mind is very acute. (Int +4) [Xom's
                  | grace]
 32293 | Snake:1  | Lost mutation: You are weak. (Str -2) [Xom's grace]
 32293 | Snake:1  | Gained mutation: You are resistant to hostile enchantments.
                  | (MR+) [Xom's grace]
 32380 | Snake:2  | XOM: stealth player
 32380 | Snake:2  | Found a radiant altar of Vehumet.
 32389 | Snake:2  | XOM: divination: magic mapping
 32399 | Snake:2  | XOM: give mutations
 32399 | Snake:2  | Gained mutation: You have a pair of small horns on your
                  | head. [Xom's grace]
 32399 | Snake:2  | Gained mutation: Your spells are harder to cast, but more
                  | powerful. [Xom's grace]
 32420 | Snake:2  | Noticed Vashnia
 32435 | Snake:2  | XOM: enchant monster (good)
 32466 | Snake:1  | XOM: silly message
 32616 | Snake:2  | XOM: enchant monster (good)
 32633 | Snake:2  | Found Soheishoha's Antique Armour Shoppe.
 32646 | Snake:2  | XOM: 1-stop teleportation journey
 32659 | Snake:2  | XOM: god gift: runed mace {god gift}
 32660 | Snake:2  | XOM: snakes to sticks
 32671 | Snake:2  | XOM: scenery: create altars
 32700 | Snake:2  | XOM: divination: detect creatures
 32802 | Snake:2  | XOM: silly message
 32865 | Snake:2  | Noticed a nagaraja
 32866 | Snake:2  | Mutation became permanent: Your flesh is heat resistant.
                  | (rF+) [demonic ancestry]
 32866 | Snake:2  | Gained mutation: Your flesh is heat resistant. (rF+)
                  | [demonic ancestry]
 32866 | Snake:2  | Reached XP level 16. HP: 157/185 MP: 15/23
 32880 | Snake:2  | XOM: noise
 33187 | Snake:2  | XOM: god gift: robe {god gift}
 33387 | Snake:2  | XOM: cleaving
 33398 | Snake:2  | XOM: give mutation
 33398 | Snake:2  | Lost mutation: You are agile. (Dex +2) [Xom's mischief]
 33442 | Snake:2  | XOM: polymorph anaconda -> shock serpent
 33453 | Snake:2  | Reached skill level 10 in Evocations
 33729 | Snake:2  | XOM: summons 3 friendly demons
 33747 | Snake:2  | Noticed Vashnia
 33747 | Snake:2  | Vashnia changed into Vashnia the emperor scorpion
 33747 | Snake:2  | XOM: polymorph Vashnia -> Vashnia the emperor scorpion
 33948 | Snake:2  | XOM: give mutations
 33948 | Snake:2  | Lost mutation: You are extremely robust. (+30% HP) [Xom's
                  | mischief]
 33948 | Snake:2  | Lost mutation: You are very robust. (+20% HP) [Xom's
                  | mischief]
 34197 | Snake:2  | XOM: noise
 34209 | Snake:2  | XOM: enchant monster (good)
 34217 | Snake:2  | Killed Vashnia the emperor scorpion
 34217 | Snake:2  | Reached skill level 10 in Dodging
 34309 | Snake:2  | XOM is BORED!
 34438 | Snake:3  | XOM: cast spell 'Statue Form'
 34450 | Snake:3  | XOM: blink monster(s)
 34487 | Snake:3  | XOM: 1-stop teleportation journey
 34492 | Snake:3  | XOM: divination: detect creatures
 34493 | Snake:3  | XOM: chaos cloud
 34498 | Snake:4  | Entered Level 4 of the Snake Pit
 34569 | Snake:4  | XOM: summons 5 hostile demons
 34626 | Snake:4  | XOM: silly message
 34644 | Snake:4  | XOM: swap monsters
 34645 | Snake:4  | XOM: smoke on damage
 34682 | Snake:4  | XOM: chaos cloud
 34909 | Snake:4  | XOM: stat loss: -1 Int (20/21)
 35062 | Snake:4  | XOM: swap monsters
 35249 | Snake:4  | XOM: noise
 35274 | Snake:4  | XOM: confusion (+ monsters)
 35280 | Snake:4  | XOM: confuse monster(s)
 35282 | Snake:4  | XOM: potion effect (haste)
 35289 | Snake:4  | XOM: cast spell 'Leda's Liquefaction'
 35303 | Snake:4  | XOM: chaos upgrade
 35330 | Snake:4  | XOM: divination: detect items
 35331 | Snake:4  | XOM: silly message
 35388 | Snake:4  | XOM: scenery: create altars
 35507 | Snake:4  | Reached XP level 17. HP: 157/163 MP: 25/25
 35549 | Snake:4  | XOM: summons 1 hostile shadow creature
 35727 | Snake:3  | XOM: confuse monster(s)
 35797 | Snake:4  | XOM: confuse monster(s)
 35828 | Snake:4  | XOM: potion effect (invisibility)
 35832 | Snake:4  | XOM: confuse monster(s)
 35838 | Snake:4  | XOM: snakes to sticks
 35840 | Snake:4  | XOM: summons 8 friendly demons
 35841 | Snake:4  | XOM: cleaving
 35843 | Snake:4  | XOM: god gift: 39 gold pieces
 35850 | Snake:4  | XOM: scenery: create altars
 35853 | Snake:4  | XOM: summons friendly shadow imp
 35894 | Snake:4  | XOM: silly message
 35972 | Snake:4  | XOM: 1-stop teleportation journey
 35999 | Snake:4  | XOM: enchant monster (good)
 36073 | Snake:3  | XOM: polymorph black mamba -> jumping spider
 36084 | Snake:3  | XOM: 5-stop teleportation journey
 36387 | Lair:1   | XOM: silly message
 36468 | D:12     | Got a ruby-encrusted ring mail
 36474 | D:12     | XOM: noise
 36479 | D:12     | Identified the +5 ring mail of Fanaticism {+Blink rElec
                  | Dex+3} (You found it on level 12 of the Dungeon)
 36574 | D:7      | Got a bloodstained chain mail
 36585 | D:7      | Identified the cursed +1 chain mail of the Immovable
                  | Heavens {*Slow rPois Str+7 Int+4} (You found it on level 7
                  | of the Dungeon)
 36767 | Snake:3  | XOM: noise
 36772 | Snake:3  | XOM: cast spell 'Ring of Flames'
 36783 | Snake:3  | XOM: swap monsters
 36814 | Snake:3  | XOM: swap monsters
 36881 | Snake:3  | Upgraded the game from 0.26-a0-21-gf97e55dc39 to
                  | 0.26-a0-26-ge22fd8933b
 36911 | Snake:3  | XOM: cast spell 'Summon Ice Beast'
 36974 | Snake:3  | XOM: swap monsters
 37618 | Snake:4  | XOM: chaos upgrade
 37691 | Snake:4  | XOM: chaos upgrade
 37733 | Snake:4  | XOM: noise
 37845 | Snake:4  | Got a serpentine rune of Zot
 38085 | Lair:4   | XOM: cloud trail
 38114 | Swamp:1  | Entered Level 1 of the Swamp
 38116 | Swamp:1  | XOM: 2-stop teleportation journey
 38231 | Swamp:1  | Paralysed by a hornet for 2 turns
 38285 | Swamp:1  | XOM: give mutations
 38285 | Swamp:1  | Gained mutation: You are agile. (Dex +2) [Xom's grace]
 38285 | Swamp:1  | Gained mutation: Your system is resistant to poisons.
                  | (rPois) [Xom's grace]
 38316 | Swamp:1  | XOM: confuse monster(s)
 38391 | Swamp:1  | XOM: enchant monster (bad)
 38416 | Swamp:1  | Got a smouldering scale mail
 38427 | Swamp:1  | Identified the +10 scale mail of Curiosity {-Cast rPois MR+
                  | Stlth+} (You found it on level 1 of the Swamp)
 38566 | Swamp:1  | XOM: cast spell 'Shadow Creatures'
 38625 | Swamp:1  | XOM: silly message
 38744 | Swamp:1  | XOM: god gift: 560 gold pieces
 39151 | Swamp:2  | XOM: summons 11 friendly demons
 39190 | Swamp:2  | XOM: summons 3 hostile demons
 39206 | Swamp:2  | Found the +12 glaive of Prune {vorpal}
 39206 | Swamp:2  | Found a runed translucent gate.
 39206 | Swamp:2  | Found a runed translucent gate.
 39206 | Swamp:2  | Found a runed translucent gate.
 39206 | Swamp:2  | Noticed mora's ghost (adept FoFi)
 39212 | Swamp:2  | XOM: 1-stop teleportation journey
 39276 | Swamp:2  | XOM: summons friendly crimson imp
 39283 | Swamp:2  | XOM: destruction
 39299 | Swamp:2  | XOM: silly message
 39645 | Swamp:2  | XOM: summons friendly crimson imp
 39660 | Swamp:2  | XOM: summons 9 hostile demons
 39769 | Swamp:2  | XOM: swap monsters
 39801 | Swamp:2  | XOM: noise
 39917 | Swamp:2  | XOM: potion effect (berserk rage)
 39991 | Swamp:2  | XOM: noise
 40178 | Swamp:2  | XOM: fake destruction
 40180 | Swamp:2  | XOM: polymorph cyan ugly thing -> white ugly thing
 40185 | Swamp:2  | XOM: confuse monster(s)
 40298 | Swamp:3  | XOM: noise
 40300 | Swamp:3  | XOM: summons 4 friendly demons
 40459 | Swamp:3  | XOM: divination: magic mapping
 40462 | Swamp:3  | XOM: summons friendly white imp
 40623 | Swamp:3  | XOM: smoke on damage
 40698 | Swamp:3  | XOM: 4-stop teleportation journey
 40789 | Swamp:3  | Paralysed by a hornet for 2 turns
 40792 | Swamp:3  | Paralysed by a hornet for 1 turns
 40909 | Swamp:3  | Gained mutation: You are completely covered in iridescent
                  | scales. (AC +6) [demonic ancestry]
 40909 | Swamp:3  | Reached XP level 18. HP: 156/171 MP: 23/27
 40956 | Swamp:3  | XOM: potion effect (stabbing)
 40981 | Swamp:3  | Noticed Bai Suzhen
 40981 | Swamp:3  | XOM: enchant monster (good)
 40992 | Swamp:3  | XOM: enchant monster (bad)
 40997 | Swamp:3  | Killed Bai Suzhen
 41111 | Swamp:3  | XOM: give mutations
 41111 | Swamp:3  | Lost mutation: Your flesh is very cold resistant. (rC++)
                  | [Xom's mischief]
 41111 | Swamp:3  | Gained mutation: You are somewhat resistant to both further
                  | mutation and mutation removal. [Xom's mischief]
 41111 | Swamp:3  | Lost mutation: Your mind is very acute. (Int +4) [Xom's
                  | mischief]
 41111 | Swamp:3  | Lost mutation: Your mind is acute. (Int +2) [Xom's
                  | mischief]
 41115 | Swamp:3  | Reached skill level 15 in Armour
 41280 | Swamp:4  | Entered Level 4 of the Swamp
 41280 | Swamp:4  | Noticed Roxanne
 41283 | Swamp:4  | XOM: summons 4 friendly demons
 41296 | Swamp:4  | Killed Roxanne
 41296 | Swamp:4  | XOM: destruction
 41324 | Swamp:4  | XOM: torment (113/171 hp)
 41390 | Swamp:4  | XOM: 1-stop teleportation journey
 41415 | Swamp:4  | XOM: summons 3 hostile shadow creatures
 41423 | Swamp:4  | XOM: cleaving
 41617 | Swamp:4  | XOM: summons 3 friendly demons
 41644 | Swamp:4  | XOM: 2-stop teleportation journey
 41677 | Swamp:4  | Identified the Almanac of Shifting Slavery
 41693 | Swamp:4  | XOM: potion effect (berserk rage)
 41696 | Swamp:4  | XOM: divination: detect creatures
 41765 | Swamp:4  | Got a decaying rune of Zot
 41836 | Swamp:4  | XOM: potion effect (haste)
 41853 | Swamp:4  | XOM: silly message
 41976 | Swamp:4  | XOM: god gift: ration
 42268 | Swamp:2  | Paralysed by a hornet for 1 turns
 42288 | Swamp:2  | Killed mora's ghost
 42335 | Swamp:2  | Got a jewelled hat
 42354 | Swamp:2  | Identified the +2 hat "Maxygg" {-Cast MR+++ Dex+3 SInv}
                  | (You found it on level 2 of the Swamp)
 42563 | D:10     | XOM: give mutations
 42563 | D:10     | Lost mutation: Your flesh is cold resistant. (rC+) [Xom's
                  | mischief]
 42563 | D:10     | Lost mutation: You are agile. (Dex +2) [Xom's mischief]
 42563 | D:10     | Lost mutation: You are resistant to hostile enchantments.
                  | (MR+) [Xom's mischief]
 42722 | Elf:1    | Entered Level 1 of the Elven Halls
 42755 | Elf:1    | XOM: summons friendly quasit
 42878 | Elf:1    | XOM: confuse monster(s)
 42969 | Elf:1    | XOM: silly message
 42971 | Elf:1    | Found Qacocaha's Gadget Emporium.
 42971 | Elf:1    | Found Plog's Food Shoppe.
 42971 | Elf:1    | XOM: 2-stop teleportation journey
 43065 | Elf:1    | Found Apsoabb's Book Boutique.
 43149 | Elf:1    | XOM: 2-stop teleportation journey
 43163 | Elf:1    | Identified Zuclos's Compendium of Supportive Attacks
 43372 | Elf:1    | XOM: noise
 43465 | Elf:1    | XOM: chaos upgrade
 43507 | Elf:1    | XOM: swap monsters
 43628 | Elf:1    | XOM: give mutation
 43628 | Elf:1    | Gained mutation: Your body sometimes deteriorates upon
                  | taking damage. [Xom's mischief]
 43804 | Elf:2    | XOM: blink monster(s)
 43820 | Elf:2    | Found a runed translucent gate.
 43820 | Elf:2    | Found a runed translucent gate.
 43820 | Elf:2    | Found a runed translucent gate.
 43820 | Elf:2    | XOM: 1-stop teleportation journey
 43887 | Elf:2    | Found Zeugouf's General Store.
 43893 | Elf:2    | Bought the ring of Phasing {EV+8} for 1664 gold pieces
 43893 | Elf:2    | Found the ring of Phasing {EV+8}
 43923 | Elf:2    | XOM: cloud trail
 43939 | Elf:2    | XOM: summons 6 friendly demons
 43941 | Elf:2    | XOM: summons friendly shadow imp
 43951 | Elf:2    | XOM: confusion (+ monsters)
 44002 | Elf:2    | Identified the Almanac of Confrontation
 44224 | Elf:2    | XOM: summons friendly crimson imp
 44240 | Elf:2    | XOM: blink monster(s)
 44257 | Elf:2    | XOM: enchant monster (bad)
 44262 | Elf:2    | XOM: enchant monster (good)
 44513 | Elf:2    | Reached XP level 19. HP: 179/179 MP: 28/28
 44630 | Elf:2    | XOM: noise
 44635 | Elf:2    | XOM: summons 1 hostile shadow creature
 44646 | Elf:2    | XOM: scenery: create altars
 44663 | Elf:2    | XOM: cleaving
 44872 | Elf:2    | XOM: summons 4 hostile demons
 44897 | Elf:3    | Entered Level 3 of the Elven Halls
 44897 | Elf:3    | XOM: chaos upgrade
 44912 | Elf:3    | Reached skill level 15 in Dodging
 45132 | Elf:3    | XOM: 1-stop teleportation journey
 45143 | Elf:3    | XOM: blink monster(s)
 45144 | Elf:3    | XOM: give mutation
 45144 | Elf:3    | Gained mutation: You occasionally shout uncontrollably at
                  | your foes. [Xom's mischief]
 45224 | Elf:3    | XOM: silly message
 45250 | Elf:3    | XOM: cast spell 'Ring of Flames'
 45398 | Elf:3    | XOM: enchant monster (good)
 45399 | Elf:3    | XOM: polymorph deep elf annihilator -> deep elf annihilator
 45404 | Elf:3    | XOM: potion effect (heal wounds)
 45408 | Elf:3    | XOM: polymorph deep elf annihilator -> death yak
 45411 | Elf:3    | XOM: chaos upgrade
 45422 | Elf:3    | XOM: polymorph neqoxec -> ynoxinul
 45423 | Elf:3    | Noticed a Brimstone Fiend
 45423 | Elf:3    | XOM: cleaving
 45436 | Elf:3    | XOM: enchant monster (good)
 45437 | Elf:3    | XOM: confusion (+ monsters)
 45472 | Elf:3    | XOM: potion effect (stabbing)
 45479 | Elf:3    | Noticed a Brimstone Fiend
 45487 | Elf:3    | Killed from afar by a Brimstone Fiend

Illustrated notes

Levels and vault maps discovered:
D:1:      onia_arrival_pyramid, layout_loops_ring
D:2:      layout_loops_ring, marbit_many_paths, minmay_pentomino_pile
D:3:      layout_basic, nicolae_overflow_crystal_walls, led_xom_imps,
          chequers_ecumenical_altar_simple, gup_sewer_entry_bowl, first_ration,
          serial_rivers, chequers_serial_rivers_room_b,
          chequers_serial_rivers_marsh, chequers_serial_rivers_room_a,
          chequers_serial_rivers_micro_e
D:4:      layout_basic, uniq_menkaure, uniq_duvessa
D:5:      layout_loops_ring, gammafunk_ghost_split, minmay_crossroads,
          uniq_edmund
D:6:      layout_basic, old_standard_altar
D:7:      layout_basic, minmay_temple_entry_fiery, basic_altar
D:8:      layout_cave_pools, grunt_temple_overflow_open, uniq_joseph,
          uniq_psyche
D:9:      layout_layer_cave, lair_entry_dummy
D:10:     cheibrodos_shockbox, layout_rooms
D:11:     layout_irregular_city, orc_0_dummy, uniq_urug
D:12:     layout_stronghold, basic_altar, hangedman_ranch
          [blue_anna_fruit_fields], uniq_maurice
D:13:     layout_long_grid, david_vaults_2, eino_jars
D:14:     layout_stronghold, hangedman_decor_growths, uniq_nessos, uniq_jorgrun
D:15:     grunt_enter_depths_hoard, layout_rooms, serial_shops, shop, shop,
          nicolae_shop_behind_doors, shop_fountains, nicolae_shop_statue_plus,
          roderic_st_hans_cross
Lair:1:   layout_long_grid, chequers_serial_rivers_room_b, minivault_27,
          serial_bayou_ford_a, kennysheep_rathole
Lair:2:   layout_gridlike, chequers_serial_rivers_micro_b,
          lemuel_altar_in_water2, uniq_fannar, uniq_harold
Lair:3:   layout_chaotic_city, minmay_snake_entry_six_corridors,
          wad_woods_antlair, uniq_gastronok, uniq_sonja
Lair:4:   layout_small_grid, nicolae_swamp_entry_splash_gauntlet,
          beast_lair_carwin_3, infiniplex_staircase_pool_2
Lair:5:   layout_loops_ring, beast_lair_carwin_11, uniq_kirke
Lair:6:   due_jungle_book, layout_cellular_growth, slime_altar_1,
          lightli_volcano_entry_magma_tube, grunt_megastairs_3
Swamp:1:  layout_basic_swamp, evilmike_swamp_ruin_rubble_1, swamp_pool3,
          cheibrodos_swamp_pet_leeches
Swamp:2:  layout_falls_marsh, gammafunk_ghost_split, hangedman_swamp_cone
Swamp:3:  cheibrodos_swamp_heart_of_darkness, layout_basic_swamp,
          evilmike_swamp_ruin_house_4, uniq_bai_suzhen
Swamp:4:  swamp_alternative, layout_basic_swamp, infiniplex_staircase_pool,
          uniq_roxanne
Snake:1:  layout_misc_corridors, uniq_frances
Snake:2:  hangedman_cross_stitches, layout_cave_pods, serial_shops,
          nicolae_shop_temple_entry_statues_fountains, basic_altar, uniq_vashnia
Snake:3:  layout_cave_shapes
Snake:4:  johnstein_snake_rune_scales, layout_misc_corridors, grunt_megastairs_2
Orc:1:    layout_diamond_mine, basic_altar, mines5_lemuel, uniq_josephine
Orc:2:    st_orc_rangers, layout_diamond_mine, gauntlet_entry_generic,
          mines2_lemuel
Elf:1:    eino_elf_arrival_customs, layout_geoelf_grid, serial_shops, shop,
          minmay_elf_sorcery, minmay_shoptagon
Elf:2:    layout_geoelf_octagon, serial_shops, shop, corexii_leaking_fountain,
          minmay_elf_annihilation
Elf:3:    grunt_elf_hall_spiral, layout_onion_city, st_stairs_10, minivault_11,
          minivault_15, lemuel_flame_loot_1

Skill      XL: |  1  2  3  4  5  6  7  8  9 10 11 12 13 14 15 16 17 18 19 |
---------------+----------------------------------------------------------+-----
Long Blades    | 3 4 5 6 7 9 11 13 14 | 14.0
Dodging        | 3 6 8 9 11 12 14 15 | 15.4
Armour         | 3 6 8 10 11 12 13 14 16 17 | 17.0
Fighting       | 4 7 9 11 13 17 | 17.8
Evocations     | 5 8 9 11 12 | 12.8

Action                   |  1- 3 |  4- 6 |  7- 9 | 10-12 | 13-15 | 16-18 | 19-21 || total
-------------------------+-------+-------+-------+-------+-------+-------+-------++-------
Melee: Falchion          |   106 |   137 |   346 |   481 |   255 |       |       ||  1325
       Kick              |    19 |    37 |   112 |   186 |   386 |   453 |    73 ||  1266
       Bite              |       |     2 |    37 |    80 |    13 |       |       ||   132
       Peck              |       |       |       |       |   234 |   273 |    47 ||   554
       Headbutt          |       |       |       |       |   153 |   281 |    51 ||   485
       Great sword       |       |       |       |       |   697 |  1086 |   155 ||  1938
 Abil: Evoke Berserk Rag |       |       |       |     2 |     3 |     9 |       ||    14
       Evoke Blink       |       |       |       |       |     2 |     3 |     5 ||    10
Evoke: Wand              |       |       |       |     1 |     3 |     2 |       ||     6
  Use: Potion            |       |     4 |     6 |     4 |     3 |     9 |     5 ||    31
       Scroll            |       |       |    14 |     5 |    15 |    11 |       ||    45
 Stab: Paralysed         |     1 |     2 |     2 |       |       |       |       ||     5
       Sleeping          |     1 |       |       |     3 |     2 |       |       ||     6
       Petrifying        |       |     1 |       |     2 |       |       |       ||     3
       Confused          |       |       |     3 |     7 |     1 |    11 |       ||    22
       Petrified         |       |       |       |     3 |       |       |       ||     3
       Invisible         |       |       |       |     1 |     5 |       |       ||     6
       Distracted        |       |       |       |     1 |       |     1 |       ||     2
  Eat: Chunk             |     2 |     7 |    13 |    19 |    42 |    31 |     3 ||   117
       Ration            |       |       |     2 |     3 |     2 |     5 |       ||    12
Armor: Leather armour    |    44 |    63 |   101 |   127 |    42 |       |       ||   377
       Skin              |       |       |    36 |       |       |     4 |       ||    40
       Acid dragon scale |       |       |       |       |   145 |       |       ||   145
       Scale mail        |       |       |       |       |   149 |   739 |    72 ||   960
       Chain mail        |       |       |       |       |       |   122 |       ||   122
Dodge: Dodged            |    53 |    88 |   156 |   265 |   643 |  1058 |   165 ||  2428
       Rpst.: Falchion   |    18 |    23 |    48 |    61 |    20 |       |       ||   170
       Great sword       |       |       |       |       |   119 |   182 |    33 ||   334

Table legend:
 A = Non-vault XP
 B = Vault XP
 C = Vault XP percentage of total XP
 D = Non-vault monster count
 E = Vault monster count
 F = Vault count percentage of total count
                 A         B        C        D         E       F
            +---------+---------+-------+---------+---------+-------
      Total |  230528 |  183807 |  44.4 |     884 |     366 |  29.3
            +---------+---------+-------+---------+---------+-------
        D:1 |      56 |       0 |   0.0 |      28 |       0 |   0.0
        D:2 |      69 |      40 |  36.7 |      25 |       8 |  24.2
        D:3 |      71 |     163 |  69.7 |      19 |       6 |  24.0
        D:4 |     250 |     343 |  57.8 |      11 |       3 |  21.4
        D:5 |     847 |     170 |  16.7 |      30 |       3 |   9.1
        D:6 |     614 |       0 |   0.0 |      21 |       0 |   0.0
        D:7 |    1287 |       0 |   0.0 |      29 |       0 |   0.0
        D:8 |     233 |     699 |  75.0 |       4 |       2 |  33.3
        D:9 |    1003 |       0 |   0.0 |      16 |       0 |   0.0
       D:10 |    3033 |       0 |   0.0 |      36 |       0 |   0.0
       D:11 |    7098 |     835 |  10.5 |      42 |       1 |   2.3
       D:12 |    7442 |    2594 |  25.8 |      41 |       9 |  18.0
       D:13 |    8053 |    3590 |  30.8 |      34 |      11 |  24.4
       D:14 |   11012 |    4266 |  27.9 |      47 |       2 |   4.1
       D:15 |    8039 |    2028 |  20.1 |      22 |       2 |   8.3
     Lair:1 |    1800 |     199 |  10.0 |       9 |      12 |  57.1
     Lair:2 |    1699 |     619 |  26.7 |       8 |       2 |  20.0
     Lair:3 |    2234 |    4891 |  68.6 |      11 |      26 |  70.3
     Lair:4 |    6713 |    2255 |  25.1 |      21 |      12 |  36.4
     Lair:5 |    8833 |    4398 |  33.2 |      29 |       6 |  17.1
     Lair:6 |   12821 |    4990 |  28.0 |      29 |      12 |  29.3
    Swamp:1 |   13063 |     799 |   5.8 |      32 |       3 |   8.6
    Swamp:2 |   17041 |    3714 |  17.9 |      45 |       7 |  13.5
    Swamp:3 |   17147 |    5522 |  24.4 |      43 |       2 |   4.4
    Swamp:4 |   12377 |   19405 |  61.1 |      32 |      26 |  44.8
    Snake:1 |   12379 |    2389 |  16.2 |      26 |       1 |   3.7
    Snake:2 |   14347 |   12863 |  47.3 |      31 |      16 |  34.0
    Snake:3 |   12796 |    1292 |   9.2 |      19 |       2 |   9.5
    Snake:4 |   18628 |   38294 |  67.3 |      40 |      66 |  62.3
      Orc:1 |    2924 |    2876 |  49.6 |      29 |      14 |  32.6
      Orc:2 |    2839 |    7380 |  72.2 |      35 |      40 |  53.3
      Elf:1 |    9572 |   10232 |  51.7 |      18 |      16 |  47.1
      Elf:2 |    4490 |   28551 |  86.4 |       7 |      39 |  84.8
      Elf:3 |    9718 |   18410 |  65.5 |      15 |      17 |  53.1
            +---------+---------+-------+---------+---------+-------
